 Dungeon Crawl Stone Soup version 0.19-b1-5-gdc9fa9d (webtiles) character file.

457 odei the Ducker (level 7, -8/81 HPs)
             Began as a Human Monk on Oct 31, 2016.
             Was a Priest of Zin.
             Splashed by a jelly's acid (11 damage)
             ... on level 5 of the Dungeon.
             The game lasted 00:30:13 (3807 turns).

odei the Ducker (Human Monk)                        Turns: 3807, Time: 00:30:14

Health: -8/81      AC: -7    Str: 18    XL:     7   Next: 27%
Magic:  7/7        EV:  7    Int: 10    God:    Zin [***...]
Gold:   150        SH:  0    Dex: 16    Spells: 0 memorised, 6 levels left

rFire  . . .     SeeInvis .     h - +2 spear (flame)
rCold  . . .     Gourm    .     t - +0 plate armour
rNeg   . . .     Faith    .     (no shield)
rPois  .         Spirit   .     (no helmet)
rElec  .         Reflect  .     (no cloak)
rCorr  .         Harm     .     q - +0 pair of gloves
MR     .....                    o - +0 pair of boots
Stlth  ..........               e - amulet of regeneration
                                (no ring)
                                (no ring)

@: berserking, corroded, very quick
A: no striking features
a: Recite, Vitalisation, Imprison, Donate Gold, Renounce Religion


You were on level 5 of the Dungeon.
You worshipped Zin.
Zin was most pleased with you.
You were not hungry.

You visited 2 branches of the dungeon, and saw 6 of its levels.
You also visited: Sewer.

You collected 322 gold pieces.
You donated 172 gold pieces to Zin.

Inventory:

Hand Weapons
 h - a +2 spear of flaming (weapon)
Missiles
 a - 28 arrows
Armour
 b - a +0 robe
 o - a +0 pair of boots (worn)
 q - a +0 pair of gloves (worn)
 t - a +0 plate armour (worn)
Jewellery
 e - an amulet of regeneration (around neck)
 y - the ring "Luzuynov" {-Tele +Fly rF+ Int+2, unknown}
   (You found it on level 5 of the Dungeon)

   [ring of flight]

   It affects your intelligence (+2).
   It protects you from fire.
   It lets you fly.
   It prevents most forms of teleportation.
Scrolls
 c - 2 scrolls of enchant weapon
 d - 2 scrolls of remove curse
 f - 5 scrolls of teleportation
 i - 2 scrolls of fear {unknown}
 l - 3 scrolls of blinking {unknown}
 m - 3 scrolls of random uselessness {unknown}
 u - a scroll of fog {unknown}
 w - a scroll of identify
 x - a scroll of magic mapping {unknown}
Potions
 g - 2 potions of haste {unknown}
 j - 2 potions of flight
 n - a potion of agility {unknown}
 p - a potion of might
 s - a potion of invisibility {unknown}
 v - a potion of mutation {unknown}
Comestibles
 k - a meat ration
 r - a bread ration


   Skills:
 + Level 4.2 Fighting
   Level 3.4 Maces & Flails
 + Level 4.0 Polearms
 + Level 0.6 Armour
 + Level 4.7 Dodging
 + Level 3.0 Stealth


You had 6 spell levels left.
You didn't know any spells.

Dungeon Overview and Level Annotations

Branches:
Dungeon (5/15)             Temple (1/1) D:5

Altars:
Ashenzari
Dithmenos
Elyvilon
Fedhas
Gozag
Hepliaklqana
Kikubaaqudgha
Makhleb
Nemelex Xobeh
Qazlal
Sif Muna
Trog
Uskayaw
Vehumet
Xom
Zin


Message History

The jelly is heavily wounded.
The jelly hits you.
You are splashed with acid!
The acid burns!
* * * LOW HITPOINT WARNING * * *
Your plate armour prevents you from hitting the jelly.
The jelly is heavily wounded.
The jelly barely misses you.
You hit the jelly but do no damage.
Your hands burn!
* * * LOW HITPOINT WARNING * * *
The jelly is heavily wounded.
The jelly hits you.
* * * LOW HITPOINT WARNING * * *
The acid corrodes you!
You are splashed with acid!
The acid burns!
* * * LOW HITPOINT WARNING * * *
Okay, then.
It was a potion of berserk rage.
A red film seems to cover your vision as you go berserk!
You feel yourself moving faster!
You feel mighty! The jelly hits you.
* * * LOW HITPOINT WARNING * * *
The acid corrodes you!
You are splashed with acid!
The acid burns!
You die...

... # .#..# .# ..... ###.#
....>. #...#
......####...####.
........##........
......#J.........
.......@.....# .......#.....#
.......###...# ...?..# #...#
...#.. #...####### .#
...####...#......
....#...##........
##...#.............<.(.......
#....................##......


You could see a jelly.

Vanquished Creatures
  A scorpion (D:4)
  An orc wizard (D:4)
  An orc priest (D:4)
  A siren (Sewer)
  2 worker ants
  A merfolk avatar (Sewer)
  4 gnolls (D:3)
  6 adders
  2 river rats
  A shadow imp (D:5)
  An ooze (D:1)
  2 worms
  A dart slug (D:3)
  7 leopard geckos
  5 orcs
  6 bats
  10 giant cockroaches
  2 hobgoblins
  14 jackals
  A quokka (D:3)
  7 ball pythons
  9 frilled lizards
  5 goblins
  9 kobolds
  34 rats
133 creatures vanquished.

Notes
Turn   | Place    | Note
-------+----------+-------------------------------------------
     0 | D:1      | odei the Human Monk began the quest for the Orb.
     0 | D:1      | Reached XP level 1. HP: 18/18 MP: 1/1
   187 | D:1      | Reached XP level 2. HP: 20/24 MP: 2/2
   680 | D:1      | Reached XP level 3. HP: 25/29 MP: 3/3
  1233 | D:2      | Reached XP level 4. HP: 23/35 MP: 4/4
  1588 | D:2      | Reached skill level 1 in Polearms
  1642 | D:2      | Found an opulent altar of Gozag.
  1642 | D:2      | Found a deep blue altar of Sif Muna.
  2057 | D:3      | Reached XP level 5. HP: 33/41 MP: 5/5
  2103 | D:3      | Found a glowing drain.
  2107 | Sewer    | Entered a sewer
  2374 | Sewer    | Reached XP level 6. HP: 41/48 MP: 6/6
  2966 | D:4      | Found a shattered altar of Ashenzari.
  3071 | D:4      | Reached XP level 7. HP: 49/54 MP: 7/7
  3194 | D:4      | Found a burning altar of Makhleb.
  3220 | D:4      | Found a hide-covered altar of Uskayaw.
  3557 | D:5      | Entered Level 5 of the Dungeon
  3590 | D:5      | Found a staircase to the Ecumenical Temple.
  3592 | D:5      | Got a transparent glass ring
  3624 | Temple   | Entered the Ecumenical Temple
  3745 | Temple   | Became a worshipper of Zin the Law-Giver
  3745 | Temple   | Reached * piety under Zin
  3745 | Temple   | Reached ** piety under Zin
  3745 | Temple   | Reached *** piety under Zin
  3748 | Temple   | Donated 140 gold pieces to Zin
  3807 | D:5      | HP: 3/81 [jelly (2)]
  3807 | D:5      | Splashed by a jelly's acid

Skill      XL: |  1  2  3  4  5  6  7 |
---------------+----------------------+-----
Polearms       | 1 2 3 4 |  4.0
Dodging        | 4 |  4.7
Fighting       | 4 |  4.2
Stealth        | 3 |  3.0
Maces & Flails | |  3.4
Armour         | |  0.6

Action                   |  1- 3 |  4- 6 |  7- 9 || total
-------------------------+-------+-------+-------++-------
Melee: Mace              |    72 |       |       ||    72
       Spear             |    59 |   299 |    47 ||   405
Invok: Donate Gold       |       |       |     1 ||     1
  Use: Potion            |     1 |     8 |     1 ||    10
       Scroll            |     1 |     3 |       ||     4
 Stab: Sleeping          |     2 |     8 |       ||    10
       Distracted        |       |     1 |       ||     1
  Eat: Bread ration      |     1 |     1 |       ||     2
       Meat ration       |       |       |     1 ||     1
Armor: Robe              |    35 |    87 |       ||   122
       Plate armour      |       |    19 |    28 ||    47
Dodge: Dodged            |   138 |   223 |     7 ||   368
